 Dungeon Crawl Stone Soup version 0.28-b1-38-gff268fdeb9 (webtiles) character file.

Game seed: 15062330319185210608

0 Hantington the Conjurer (level 1, 0/14 HPs)
             Began as a Demigod Conjurer on Feb 3, 2022.
             Slain by a quokka (1 damage)
             ... on level 1 of the Dungeon.
             The game lasted 00:01:30 (192 turns).

Hantington the Conjurer (Demigod Conjurer)           Turns: 192, Time: 00:01:31

Health: 0/14       AC:  2    Str:  8    XL:     1   Next: 0%
Magic:  5/5        EV: 12    Int: 20    God:
Gold:   0          SH:  0    Dex: 12    Spells: 2/3 levels left

rFire   . . .      SeeInvis .   (no weapon)
rCold   . . .      Faith    .   (no shield)
rNeg    . . .      Spirit   .   a - +0 robe
rPois   .          Reflect  .   (no helmet)
rElec   .          Harm     .   (no cloak)
rCorr   .          Rampage  .   (no gloves)
Will    .....                   (no boots)
Stlth   ++........              (no amulet)
HPRegen 0.04/turn               (no ring)
MPRegen 0.09/turn               (no ring)

@: no status effects
A: high MP 1, forlorn, divine attributes
a: no special abilities


You were on level 1 of the Dungeon.
You visited 1 branch of the dungeon, and saw 1 of its levels.

Inventory:

Armour
 a - a +0 robe (worn)
Scrolls
 b - a scroll of immolation {unknown}
Potions
 c - a potion of curing {unknown}


   Skills:
 + Level 1.7 Dodging
 + Level 1.7 Stealth
 + Level 1.7 Spellcasting
 + Level 3.6 Conjurations


You had 2 spell levels left.
You knew the following spells:

 Your Spells              Type           Power      Damage    Failure   Level
a - Magic Dart            Conj           64%        1d6       3%          1

Your spell library contained the following spells:

 Spells                   Type           Power      Damage    Failure   Level
 Searing Ray              Conj           32%        2d5       5%          2
 Dazzling Flash           Conj/Hex       16%        N/A       24%         3
 Fulminant Prism          Conj/Hex       4%         3d6       61%         4
 Iskenderun's Mystic Bla  Conj/Tloc      8%         2d4       61%         4


Dungeon Overview and Level Annotations

Branches:
Dungeon (1/15)


Innate Abilities, Weirdness & Mutations

You have an increased reservoir of magic. (+10% MP)
You shall have no god before yourself.
Your divine heritage dramatically boosts your attributes as you level up.


Message History

There is a staircase leading out of the dungeon here.
You hit the fungus.
The fungus begins to die.
The fungus is lightly damaged.
You hit the fungus.
The fungus is lightly damaged.
A nearby fungus withers and dies.
Found an emerald potion.
b - a scroll labelled WOYMER FALE
c - an emerald potion
Found a scroll labelled MUXOYMUAXU.
An endoplasm comes into view.
Found a faded altar of an unknown god.
You see here a scroll labelled MUXOYMUAXU.
A quokka comes into view.
Found a stone staircase leading down.
A quokka comes into view.
The endoplasm barely misses you.
You hit the endoplasm but do no damage.
The endoplasm hits you but does no damage.
You hit the endoplasm but do no damage.
The endoplasm hits you but does no damage.
You hit the endoplasm but do no damage. The quokka misses you.
The endoplasm hits you.
You hit the endoplasm.
The endoplasm is lightly wounded.
The quokka barely misses you. The endoplasm barely misses you.
You hit the endoplasm.
The endoplasm is lightly wounded.
The quokka barely misses you. The endoplasm freezes you.
You are frozen.
The quokka bites you.
You hit the endoplasm but do no damage.
The endoplasm is lightly wounded.
The endoplasm freezes you.
You are frozen.
* * * LOW HITPOINT WARNING * * *
The quokka bites you.
* * * LOW HITPOINT WARNING * * *
You barely miss the quokka. The quokka bites you.
You die...

#.............##
#....##########
#.##..# #
#.###.### ..
#.##.?..#
#.##.##..#.#
#........#.#
####J.##...#
#...@...#..#
##.##r.⌠...# #
#........
#⌠.r...###
.......#
#.⌠.⌠...>#
###.....# ####.


You could see an endoplasm and 2 quokkas.

Vanquished Creatures (others)
  26 fungi (D:1)
26 creatures vanquished.

Notes
Turn   | Place    | Note
-------+----------+-------------------------------------------
     0 | D:1      | Hantington the Demigod Conjurer began the quest for the
                  | Orb.
     0 | D:1      | Reached XP level 1. HP: 14/14 MP: 5/5
   192 | D:1      | Slain by a quokka

Illustrated notes

Levels and vault maps discovered:
D:1:      scummos_arrival_checkerplants, layout_basic,
          hellmonk_ecumenical_altar_run_dry,
          hangedman_abyss_or_decor_lesser_grid

Action                   || total
-------------------------++-------
Melee: Unarmed           ||    80
       Punch             ||     3
Armor: Robe              ||     2
Dodge: Dodged            ||     5
